 Dungeon Crawl Stone Soup version 0.25.1-2-g60ff931df9 (webtiles) character file.

Game seed: 5519085704596648128

642584 Cykl0x the Formicid Barricade (level 27, -4/226 (228) HPs)
             Began as a Formicid Fighter on Nov 17, 2020.
             Was a High Priest of the Shining One.
             Slain by a phantasmal warrior (9 damage)
             ... summoned by a mummy priest
             ... on level 12 of a ziggurat.
             The game lasted 03:29:39 (63959 turns).

Cykl0x the Formicid Barricade (Formicid Fighter)   Turns: 63959, Time: 03:29:39

HP:   -4/226 (228)  AC: 31    Str: 38      XL:     27
MP:   29/36         EV: 15    Int: 14 (16) God:    the Shining One [*****.]
Gold: 9468          SH: 54    Dex:  6 (8)  Spells: 26/26 levels left

rFire    + + .     SeeInvis +   P - +8 great sword of Balance {freeze, rPois}
rCold    + + .     Gourm    .   V - +7 tower shield
rNeg     + + .     Faith    .   B - +5 gold dragon scales
rPois    +         Spirit   .   (helmet unavailable)
rElec    +         Reflect  +   h - scarf {repulsion}
rCorr    +         Harm     +   X - +0 pair of gloves of Fivvis {rElec Str+6 Dex-2 Slay+3}
MR       +++..                  F - +2 pair of boots of Midsummer {Harm}
Stlth    ..........             O - amulet of reflection
HPRegen  0.00/turn              a - +4 ring of slaying
MPRegen  0.25/turn              S - ring "Duyrighe" {EV+4 Str+2 Int+4}

@: mighty, lethally poisoned (-4 -> -28), divine shield, resistant,
non-regenerating, diseased, glowing, repel missiles
A: permanent stasis, dig shafts and tunnels, four strong arms, antennae 3,
talons 1, magic resistance 1, poison resistance
}: 3/15 runes: decaying, serpentine, silver
a: Dig, Shaft Self, Divine Shield, Cleansing Flame, Summon Divine Warrior,
Renounce Religion


You were on level 12 of a ziggurat.
You worshipped the Shining One.
The Shining One was extremely pleased with you.
You were full.

You visited 11 branches of the dungeon, and saw 50 of its levels.
You visited 1 ziggurat, and saw 12 of its levels.
You also visited: Trove, Bailey, Gauntlet and Volcano.

You collected 9743 gold pieces.
You spent 224 gold pieces at shops.
You donated 51 gold pieces to Zin.

Inventory:

Hand Weapons
 P - the +8 great sword of Balance (weapon) {freeze, rPois}
   (You acquired it on level 3 of the Depths)

   It has been specially enchanted to freeze those struck by it, causing extra
   injury to most foes and up to half again as much damage against particularly
   susceptible opponents.
   It can also slow down cold-blooded creatures.
   It protects you from poison.
Missiles
 C - 36 boomerangs (quivered)
 N - 27 javelins
Armour
 h - a scarf of repulsion (worn)
 p - a +8 crystal plate armour
 B - +5 gold dragon scales (worn)
 F - the +2 pair of boots of Midsummer (worn) {Harm}
   (You found it on level 3 of the Elven Halls)

   It increases damage dealt and taken.
 V - a +7 tower shield (worn)
 X - the +0 pair of gloves of Fivvis (worn) {rElec Str+6 Dex-2 Slay+3}
   (You found it on level 3 of the Crypt)

   It affects your strength (+6).
   It affects your dexterity (-2).
   It affects your accuracy and damage with ranged weapons and melee attacks
   (+3).
   It insulates you from electricity.
Jewellery
 a - a +4 ring of slaying (left hand)
 q - an uncursed ring of flight
 O - an amulet of reflection (around neck)
 S - the ring "Duyrighe" (right hand) {EV+4 Str+2 Int+4}
   (You found it on level 3 of the Vaults)

   [ring of evasion]

   It affects your evasion (+4).
   It affects your strength (+2).
   It affects your intelligence (+4).
Wands
 b - a wand of flame (95)
 c - a wand of digging (27)
 g - a wand of acid (24)
 n - a wand of enslavement (7)
 t - a wand of iceblast (72)
 w - a wand of paralysis (52)
 G - a wand of disintegration (33)
 T - a wand of polymorph (27)
Scrolls
 e - 15 scrolls of amnesia
 m - 9 scrolls of immolation
 v - 36 scrolls of remove curse
 y - 24 scrolls of identify
 E - 8 scrolls of fear
 K - 11 scrolls of enchant weapon
 L - 16 scrolls of fog
 M - 4 scrolls of brand weapon
 Q - 6 scrolls of magic mapping
 W - 4 scrolls of holy word
Potions
 o - 10 potions of curing
 s - 5 potions of ambrosia
 D - 5 potions of cancellation
 H - 8 potions of mutation
 I - 5 potions of flight
 J - 3 potions of heal wounds
 U - 7 potions of magic
Comestibles
 f - 76 rations


   Skills:
 + Level 21.3 Fighting
 + Level 23.4 Long Blades
 + Level 11.2 Throwing
 * Level 17.0 Armour
 * Level 13.5 Dodging
 - Level 1.5 Stealth
 O Level 27 Shields
 + Level 18.4 Invocations
 + Level 2.1 Evocations


You had 26 spell levels left.
You didn't know any spells.
Your spell library contained the following spells:

 Spells                   Type           Power        Failure   Level  Hunger
 Animate Skeleton         Necr           N/A          92%         1    ##.....
 Apportation              Tloc           #.....       92%         1    ##.....
 Beastly Appendage        Tmut           #.....       92%         1    ##.....
 Corona                   Hex            #......      92%         1    ##.....
 Foxfire                  Conj/Fire      #...         92%         1    ##.....
 Freeze                   Ice            #...         92%         1    ##.....
 Magic Dart               Conj           #...         92%         1    ##.....
 Shock                    Conj/Air       #...         92%         1    ##.....
 Sting                    Tmut/Pois      #...         92%         1    ##.....
 Summon Small Mammal      Summ           #...         92%         1    ##.....
 Corpse Rot               Necr/Air       N/A          98%         2    ###....
 Passwall                 Tmut/Erth      #.......     98%         2    ###....
 Poisonous Vapours        Pois/Air       #.....       98%         2    ###....
 Searing Ray              Conj           #.....       98%         2    ###....
 Sticks to Snakes         Tmut           #.......     98%         2    ###....
 Sublimation of Blood     Necr           #.........   98%         2    ###....
 Confusing Touch          Hex            #.......     100%        3    ####...
 Conjure Flame            Conj/Fire      #.......     100%        3    ####...
 Dazzling Flash           Conj/Hex       #.....       100%        3    ####...
 Gell's Gravitas          Tloc           #.........   100%        3    ####...
 Ignite Poison            Fire/Tmut/Pois #.......     100%        3    ####...
 Inner Flame              Hex/Fire       #.......     100%        3    ####...
 Mephitic Cloud           Conj/Pois/Air  #.......     100%        3    ####...
 Recall                   Summ/Tloc      N/A          100%        3    ####...
 Spider Form              Tmut/Pois      #.........   100%        3    ####...
 Static Discharge         Conj/Air       #.......     100%        3    ####...
 Vampiric Draining        Necr           #.........   100%        3    ####...
 Airstrike                Air            #.........   100%        4    #####..
 Animate Dead             Necr           N/A          100%        4    #####..
 Cause Fear               Hex            #.........   100%        4    #####..
 Dispel Undead            Necr           #.......     100%        4    #####..
 Fulminant Prism          Conj/Hex       #.........   100%        4    #####..
 Ice Form                 Ice/Tmut       #.......     100%        4    #####..
 Iskenderun's Mystic Bla  Conj/Tloc      #.......     100%        4    #####..
 Olgreb's Toxic Radiance  Pois           #.......     100%        4    #####..
 Passage of Golubria      Tloc           N/A          100%        4    #####..
 Petrify                  Tmut/Erth      #.......     100%        4    #####..
 Sticky Flame             Conj/Fire      #.......     100%        4    #####..
 Summon Lightning Spire   Summ/Air       #.......     100%        4    #####..
 Agony                    Necr           #.......     100%        5    ######.
 Blade Hands              Tmut           #.........   100%        5    ######.
 Bolt of Magma            Conj/Fire/Erth #.........   100%        5    ######.
 Borgnjor's Vile Clutch   Necr/Erth      #.........   100%        5    ######.
 Excruciating Wounds      Chrm/Necr      #.........   100%        5    ######.
 Fireball                 Conj/Fire      #.........   100%        5    ######.
 Iskenderun's Battlesphe  Conj/Chrm      #.......     100%        5    ######.
 Lee's Rapid Deconstruct  Erth           #.........   100%        5    ######.
 Lightning Bolt           Conj/Air       #.........   100%        5    ######.
 Metabolic Englaciation   Hex/Ice        #.........   100%        5    ######.
 Silence                  Hex/Air        #.........   100%        5    ######.
 Yara's Violent Unravell  Hex/Tmut       #.........   100%        5    ######.
 Conjure Ball Lightning   Conj/Air       #.........   100%        6    #######
 Darkness                 Hex            #.........   100%        6    #######
 Death Channel            Necr           #.........   100%        6    #######
 Eringya's Noxious Bog    Tmut/Pois      #.........   100%        6    #######
 Freezing Cloud           Conj/Ice/Air   #.........   100%        6    #######
 Invisibility             Hex            #.......     100%        6    #######
 Iron Shot                Conj/Erth      #.........   100%        6    #######
 Ozocubu's Refrigeration  Ice            #.........   100%        6    #######
 Simulacrum               Ice/Necr       #.........   100%        6    #######
 Statue Form              Tmut/Erth      #........    100%        6    #######
 Orb of Destruction       Conj           #.........   100%        7    #######
 Spellforged Servitor     Conj/Summ      #.........   100%        7    #######
 Discord                  Hex            #.........   100%        8    #######
 Tornado                  Air            #.........   100%        9    #######
 Swiftness                Chrm/Air       Unusable     N/A         2    N/A

Dungeon Overview and Level Annotations

Branches:
Dungeon (15/15)            Temple (1/1) D:7            Lair (6/6) D:8
  Swamp (4/4) Lair:4        Snake (4/4) Lair:2        Slime (0/5) Lair:5
    Orc (2/2) D:11            Elf (3/3) Orc:2        Vaults (5/5) D:13
  Crypt (3/3) Vaults:3       Tomb (0/3) Crypt:3      Depths (5/5) D:15
    Zot (2/5) Depths:5     Bailey (visited)         Volcano (visited)
Gauntlet (visited)

Altars:
Ashenzari
Cheibriados
Dithmenos
Elyvilon
Fedhas
Gozag
Hepliaklqana
Kikubaaqudgha
Makhleb
Nemelex Xobeh
Okawaru
Qazlal
Ru
Sif Muna
Trog
Uskayaw
Vehumet
Wu Jian
Xom
Yredelemnul
Zin
The Shining One
Beogh

Shops:
D:5 (   D:11 =}   D:13 }   Orc:2 }=([   Snake:1 }==   Vaults:4 (   Vaults:5 %

Portals:
Hell: Depths:1 Depths:2 Depths:3 Depths:4 Depths:5
Abyss: Depths:2 Depths:4 Depths:5
Pandemonium: Depths:2 Depths:3

Annotations:
Lair:5 3 runed translucent doors, execc's ghost, journeyman HaMo


Innate Abilities, Weirdness & Mutations

You cannot be hasted, slowed, berserked, paralysed or teleported.
You can dig through walls and to a lower floor.
Your four strong arms can wield two-handed weapons with a shield.
You have a pair of large antennae on your head. (SInv)
You have sharp toenails.
You are resistant to hostile enchantments. (MR+)
Your system is resistant to poisons. (rPois)


Message History

The ushabti is smitten.
The phantasmal warrior blinks!
Okay, then.
Okay, then.
You feel protected.
You are engulfed in dark miasma.
* * * LOW HITPOINT WARNING * * *
x2 You feel sick.
Your angel hits the mummy with a +2 whip of holy wrath!
The mummy is destroyed!
The Shining One accepts your kill.
You block the juggernaut skeleton's attack. x2
Your daeva calls down the wrath of the Shining One upon the juggernaut skeleton.
The juggernaut skeleton is smitten.
The mummy barely misses your daeva.
Your angel hits the iron dragon zombie with a +2 whip of holy wrath!
The iron dragon zombie convulses.
Your angel hits the iron dragon zombie but does no damage.
Your daeva hits the ushabti with a +3 scimitar of holy wrath!
Your daeva hits the ushabti with a +3 scimitar of holy wrath.
The phantasmal warrior hits you!
You die...

▓▓▓▓▓▓▓▓▓▓▓
▓▓.........▓▓
▓▓...........▓▓
▓▓.............▓▓
▓%....M..○......▓▓
)()MM.ZA☼........▓▓
|)M.V..A°.........▓▓
?!VWMMZ@A†.......∩.▓
}$?MWMZ8W.........▓▓
}?...MM..........▓▓
▓...............▓▓
▓▓.............▓▓
▓▓...........▓▓
▓▓.........▓▓
▓▓▓▓▓▓▓▓▓▓▓


You could see a mummy priest, a jiangshi (summoned), a flayed ghost (summoned),
a shadow wraith (summoned, invisible), a phantasmal warrior (summoned), an
ushabti, a vampire (summoned), 9 mummies, an iron dragon zombie, a fire giant
skeleton (summoned), a juggernaut skeleton, 2 friendly daevas and a friendly
angel (summoned).

Vanquished Creatures
  2 ancient liches
  An orb of fire (Zot:2)
  Mennas (Depths:4)
  The ghost of Rapio the Warrior, a veteran CeHu of the Shining One (Crypt:1)
  A pandemonium lord (Zig:8)
  The ghost of MackTheFife the End of an Era, a veteran HOGl of Qazlal (Vaults:3)
  Sojobo (Crypt:1)
  2 Killer Klowns
  Boris (twice) (Depths:3 Vaults:2)
  Bai Suzhen (Crypt:2)
  Margery (Crypt:2)
  Vashnia (Snake:4)
  the Lernaean hydra (Swamp:4)
  The ghost of Eldin the Sorcerer, a veteran DEWz of Sif Muna (Vaults:3)
  Frederick (Depths:3)
  A curse toe (Zot:2)
  Xtahua (Crypt:2)
  The ghost of ragingrage the Executioner, a veteran HOFi of Beogh (Vaults:3)
  4 golden dragons
  The ghost of agentgt the Warrior, a veteran KoAK of Lugonu (Vaults:3)
  A bone dragon (Crypt:3)
  A Tzitzimitl (Vaults:5)
  2 electric golems (Zot:1)
  3 tentacled monstrosities
  3 liches
  2 deep elf blademasters
  3 deep elf master archers
  3 titans (Vaults:5)
  A quicksilver dragon (shapeshifter) (Depths:2)
  3 quicksilver dragons
  5 sphinxes
  2 ancient champions
  3 death cobs (Zot:1)
  A thorn hunter (Swamp:4)
  2 revenants
  7 shadow dragons
  11 tengu reavers
  Agnes (Elf:1)
  A storm dragon (shapeshifter) (Depths:2)
  10 storm dragons
  The ghost of Kipt the Spry, an adept SpFE of Dithmenos (Vaults:3)
  4 draconian monks
  8 nagarajas
  8 fire giants
  2 iron dragons
  7 deep elf sorcerers
  4 draconian knights
  2 orc warlords
  A ghost moth (shapeshifter) (Depths:4)
  19 vault wardens
  A balrug (Depths:5)
  10 frost giants
  A ghost moth (Zot:1)
  A draconian scorcher (Depths:5)
  2 ghouls (Crypt:3)
  2 angels (Zig:3)
  3 draconian annihilators
  17 very ugly things
  4 deep elf elementalists
  A draconian stormcaller (Zot:2)
  The ghost of Curus the Pandemonic, a journeyman DsGl of Makhleb (Orc:1)
  16 ironheart preservers
  3 draconian shifters
  8 war gargoyles
  6 vampire knights
  4 bennus (Zig:12)
  3 entropy weavers
  21 stone giants
  A reaper (Gauntlet)
  3 green draconians
  5 white draconians
  2 lorocyprocas
  A minotaur (shapeshifter) (Depths:2)
  7 red draconians
  2 black draconians
  7 deep elf demonologists
  3 yellow draconians
  8 deep elf annihilators
  4 spark wasps
  3 purple draconians
  A minotaur (Gauntlet)
  4 eidola
  4 mummy priests
  2 merfolk javelineers (Zig:11)
  18 ettins
  10 deep elf death magi
  A merfolk impaler (Zig:11)
  7 fire dragons
  6 crystal guardians
  4 jiangshi
  4 deep elf high priests
  15 yaktaur captains
  14 ogre magi
  33 vault guards
  5 great orbs of eyes
  Harold (D:8)
  5 rakshasas
  Fannar (Lair:3)
  20 hydras
  3 spriggan air magi (Depths:2)
  5 catoblepae
  4 juggernaut simulacra (Depths:2)
  A ghost crab (Zig:2)
  An ice dragon (shapeshifter) (Depths:3)
  3 death knights
  An anaconda (shapeshifter) (Vaults:5)
  12 naga warriors
  10 centaur warriors
  16 ice dragons
  4 anacondas
  4 alligators (Swamp:1)
  A merfolk aquamancer (Zig:11)
  55 two-headed ogres
  2 death scarabs (Zig:12)
  5 spriggan berserkers
  13 deep troll earth magi
  Erica (D:8)
  12 death yaks
  3 tengu warriors
  A shock serpent (shapeshifter) (Zig:8)
  9 deep troll shamans
  31 dancing weapons
  A hell hog (Volcano)
  15 naga sharpshooters
  13 hell knights
  2 vampire magi
  12 deep elf knights
  Urug (Orc:1)
  7 shock serpents
  A soul eater (Crypt:1)
  3 sun demons
  2 wretched stars (Zig:10)
  A fire crab (Volcano)
  4 iron trolls
  Sonja (Lair:3)
  2 iron trolls (shapeshifter)
  2 salamander mystics
  16 skeletal warriors
  2 shadow wraiths
  A sixfirhy (Zig:10)
  3 death drakes (shapeshifter)
  A fire crab (shapeshifter) (Vaults:4)
  An infernal demonspawn (Depths:3)
  A spark wasp zombie (Zig:7)
  2 cherubim (Zig:3)
  4 glowing orange brains
  2 golden dragon zombies
  13 swamp dragons
  3 sea snakes (Zig:11)
  9 flayed ghosts
  29 deep trolls
  A deep troll (shapeshifter) (Depths:4)
  An entropy weaver zombie (Crypt:2)
  2 naga ritualists (Snake:4)
  3 unseen horrors
  A swamp dragon (shapeshifter) (Depths:4)
  4 wizards
  13 deep elf archers
  5 phantasmal warriors
  18 necromancers
  16 ironbrand convokers
  A wolf spider zombie (Crypt:3)
  7 orc knights
  3 orc sorcerers (Orc:2)
  2 mana vipers (shapeshifter)
  5 mana vipers
  2 shadow dragon skeletons (Crypt:3)
  49 deep elf magi
  6 harpies
  A wolf spider (shapeshifter) (Depths:3)
  4 wolf spiders
  A faun (shapeshifter) (Depths:2)
  A cyclops (shapeshifter) (Depths:2)
  58 ugly things
  13 salamanders
  6 manticores
  A shining eye (shapeshifter) (Vaults:5)
  7 cyclopes
  4 elephants (Lair:5)
  2 elephants (shapeshifter)
  A stone giant zombie (Crypt:3)
  A salamander (shapeshifter) (Vaults:1)
  A worldbinder (Gauntlet)
  Maurice (D:8)
  2 frost giant skeletons
  3 fire giant skeletons
  4 moths of wrath
  13 vault sentinels
  A guardian serpent (shapeshifter) (Vaults:4)
  2 molten gargoyles (Volcano)
  3 water nymphs (shapeshifter)
  A titan simulacrum (Crypt:1)
  26 black mambas
  2 guardian serpents
  12 spiny frogs
  2 gargoyles
  Psyche (D:10)
  A centaur zombie (D:14)
  A dire elephant skeleton (Crypt:1)
  An eye of devastation (shapeshifter) (Zig:6)
  15 naga magi
  An elephant slug zombie (Crypt:2)
  2 efreet
  3 rime drakes
  3 kobold demonologists
  6 freezing wraiths
  44 yaktaurs
  A komodo dragon (shapeshifter) (Vaults:2)
  A redback zombie (Crypt:2)
  An ice devil (Depths:3)
  A purple draconian zombie (Crypt:1)
  6 guardian mummies
  2 hellwings (Depths:3)
  4 komodo dragons
  2 golden dragon simulacra (Crypt:1)
  7 merfolk (Zig:11)
  2 hydra zombies
  A yaktaur skeleton (Zig:1)
  A troll (shapeshifter) (Depths:5)
  3 meliai (D:14)
  A polar bear (Lair:5)
  5 tyrant leeches
  2 tengu conjurers
  A jumping spider (shapeshifter) (Depths:2)
  A wind drake (Zig:11)
  A queen bee (shapeshifter) (Depths:2)
  3 trolls
  5 large abominations
  5 hornets
  A meliai zombie (Crypt:1)
  2 harpy skeletons
  10 bog bodies
  36 slime creatures
  A blink frog (shapeshifter) (Elf:1)
  10 hippogriffs
  An ettin zombie (Crypt:3)
  A frost giant simulacrum (Crypt:1)
  A snapping turtle (shapeshifter) (Depths:2)
  14 blink frogs
  36 flying skulls
  A shadow (Swamp:1)
  2 ettin skeletons
  A tarantella (shapeshifter) (Depths:4)
  11 wraiths
  2 air elementals
  A fire dragon skeleton (Crypt:3)
  5 wyverns
  A satyr skeleton (Crypt:2)
  12 fire bats (Volcano)
  3 spriggans (Swamp:2)
  4 water elementals
  68 yaks
  A golden eye (shapeshifter) (Vaults:3)
  A human (shapeshifter) (Depths:4)
  2 chaos spawn (Zig:8)
  5 hungry ghosts
  2 fire elementals
  2 steam dragons
  9 vampire mosquitoes
  7 wargs
  A soldier ant (D:15)
  41 nagas
  13 swamp worms
  An acid dragon (D:15)
  A water moccasin (shapeshifter) (Depths:4)
  A hell hound (Volcano)
  10 water moccasins
  A floating eye (shapeshifter) (Vaults:5)
  8 porcupines
  5 sky beasts
  Duvessa (D:4)
  Purgy (D:4)
  35 orc warriors
  3 black bears
  2 eyes of draining
  13 swamp drakes
  3 ice beasts
  42 ogres
  2 phantoms
  3 necrophages
  12 wolves
  A tengu (shapeshifter) (D:15)
  A wolf (shapeshifter) (Depths:4)
  2 boggarts (Gauntlet)
  34 centaurs
  A centaur (shapeshifter) (Depths:1)
  8 crocodiles
  3 big kobolds
  4 elf zombies (Elf:1)
  A salamander zombie (Crypt:1)
  16 bullfrogs
  An earth elemental (Elf:2)
  A deep troll simulacrum (Vaults:2)
  Dowan (D:4)
  A water moccasin skeleton (D:9)
  4 scorpions
  11 killer bees
  5 wights (Crypt:1)
  A spriggan skeleton (Crypt:3)
  2 howler monkeys
  An electric eel (Elf:3)
  A basilisk zombie (Crypt:1)
  5 lava snakes (Volcano)
  7 crimson imps
  4 quasits
  2 iron imps
  8 jellies
  6 starcursed masses (Zig:10)
  A bullfrog zombie (D:5)
  2 centaur skeletons
  20 orc priests
  6 hounds
  24 orc wizards
  Ijyb (D:5)
  Terence (D:2)
  11 worker ants
  2 iguanas
  A big kobold zombie (Crypt:1)
  A felid skeleton (Crypt:2)
  8 mummies
  A hound skeleton (D:10)
  3 worker ant zombies
  19 adders
  A swamp drake skeleton (Crypt:1)
  5 shadow imps
  2 white imps (Depths:3)
  4 oozes
  2 adder skeletons
  An adder zombie (D:5)
  A worm (D:3)
  A dart slug (D:1)
  6 leopard geckos
  113 orcs
  3 ball pythons
  A bat zombie (Crypt:1)
  5 giant cockroaches
  9 goblins
  10 hobgoblins
  5 jackals
  6 quokkas
  9 bats
  7 frilled lizards
  10 kobolds
  A leopard gecko zombie (D:5)
  A quokka skeleton (D:5)
  5 rats
  A rat zombie (Crypt:2)
  A butterfly (Vaults:3)
  A fungus (Lair:5)
2145 creatures vanquished.

Vanquished Creatures (collateral kills)
  A greater mummy (Zig:7)
  A Killer Klown (Zig:8)
  A tentacled monstrosity (Vaults:5)
  A storm dragon (Vaults:5)
  A shadow dragon (Vaults:5)
  A nagaraja (Snake:4)
  2 frost giants (Depths:2)
  A vault warden (Vaults:5)
  A very ugly thing (Vaults:5)
  2 ghouls (Crypt:2)
  A vampire knight (Crypt:2)
  A deep elf annihilator (Depths:2)
  An ettin (Vaults:5)
  A merfolk impaler (Zig:11)
  A deep elf death mage (Elf:3)
  A jiangshi (Crypt:2)
  An ice dragon (shapeshifter) (Depths:2)
  A mummy priest (Zig:12)
  A great orb of eyes (Depths:1)
  5 vault guards (Vaults:5)
  3 dancing weapons
  2 thrashing horrors (Zig:10)
  A naga sharpshooter (Snake:4)
  A deep troll earth mage (Depths:1)
  A deep elf knight (Elf:1)
  A shock serpent (Snake:1)
  A soul eater (Zig:10)
  A hell knight (Crypt:2)
  A wretched star (Zig:10)
  A deep troll (Depths:1)
  A spatial maelstrom (Zig:10)
  An ironbrand convoker (Vaults:5)
  A phantasmal warrior (Vaults:5)
  A mana viper (Snake:1)
  3 deep elf magi
  2 ugly things (Vaults:2)
  A vault sentinel (Vaults:5)
  2 water nymphs (Zig:11)
  2 naga magi (Snake:4)
  A spriggan skeleton (Zig:7)
  An elf skeleton (Zig:7)
  3 yaktaurs
  A spriggan zombie (Zig:7)
  A yaktaur (shapeshifter) (Depths:2)
  A hellion (Zig:10)
  2 ancient zymes (Zig:10)
  A guardian mummy (Zig:12)
  6 merfolk (Zig:11)
  A snapping turtle (Zig:11)
  A shadow (Zig:10)
  A fire bat (Zig:10)
  5 nagas
  2 orc warriors (Vaults:5)
  A small abomination (Zig:10)
  An orc wizard (Vaults:5)
  2 mummies
  An orc (Vaults:5)
  13 butterflies (Vaults:3)
98 creatures vanquished.

Vanquished Creatures (others)
  An ogre mage (Vaults:1)
  A merfolk avatar (Zig:11)
  A hell knight (Crypt:2)
  A deep elf mage (Elf:2)
  A naga mage (Snake:4)
  A chaos spawn (Zig:10)
  An orc warrior (Vaults:5)
  2 demonic plants (Gauntlet)
  8 fungi
  6 plants
  23 withered plants (Gauntlet)
46 creatures vanquished.

Grand Total: 2289 creatures vanquished

Notes
Turn   | Place    | Note
-------+----------+-------------------------------------------
     0 | D:1      | Cykl0x the Formicid Fighter began the quest for the Orb.
     0 | D:1      | Reached XP level 1. HP: 18/18 MP: 1/1
    48 | D:1      | Reached XP level 2. HP: 5/24 MP: 2/2
   347 | D:1      | Reached skill level 4 in Shields
   347 | D:1      | Reached XP level 3. HP: 27/29 MP: 3/3
  1200 | D:2      | Reached XP level 4. HP: 29/37 MP: 4/4
  1514 | D:2      | Noticed Terence
  1542 | D:2      | Killed Terence
  1564 | D:2      | Noticed a sky beast
  1571 | D:2      | You fall into a shaft and drop 2 floors!
  1578 | D:4      | Noticed an ogre
  1588 | D:5      | Entered Level 5 of the Dungeon
  1624 | D:5      | Reached XP level 5. HP: 23/42 MP: 5/5
  1939 | D:5      | Found Qotsin's Antique Weapon Shoppe.
  1960 | D:5      | Reached skill level 1 in Dodging
  1960 | D:5      | Reached XP level 6. HP: 25/48 MP: 6/6
  2137 | D:5      | Reached skill level 5 in Shields
  2821 | D:2      | You are sucked into a shaft and drop 2 floors!
  3227 | D:3      | Found a sacrificial altar of Ru.
  3306 | D:3      | Reached XP level 7. HP: 54/55 MP: 7/7
  4015 | D:3      | Found a bloodstained altar of Trog.
  4072 | D:3      | Reached skill level 6 in Shields
  4536 | D:4      | Reached skill level 5 in Long Blades
  4728 | D:4      | Reached skill level 1 in Stealth
  4776 | D:4      | Noticed a water moccasin
  4784 | D:4      | Killed a water moccasin
  4784 | D:4      | Reached skill level 1 in Throwing
  4784 | D:4      | Reached XP level 8. HP: 54/61 MP: 8/8
  5079 | D:4      | Noticed Dowan
  5080 | D:4      | Noticed Duvessa
  5105 | D:4      | Killed Duvessa
  5112 | D:4      | Killed Dowan
  5112 | D:4      | Reached skill level 5 in Fighting
  5152 | D:4      | Noticed Purgy
  5165 | D:4      | Killed Purgy
  5165 | D:4      | Reached skill level 5 in Armour
  5165 | D:4      | Reached skill level 7 in Shields
  5738 | D:5      | Reached XP level 9. HP: 68/68 MP: 9/9
  5755 | D:5      | Noticed Ijyb
  5770 | D:5      | Killed Ijyb
  6131 | D:5      | Found a burning altar of Makhleb.
  6619 | D:6      | Reached skill level 8 in Shields
  7095 | D:7      | Found a flagged portal.
  7122 | Bailey   | Entered a bailey
  7810 | D:7      | Found a staircase to the Ecumenical Temple.
  7842 | D:7      | Reached XP level 10. HP: 69/76 MP: 10/10
  7858 | Temple   | Entered the Ecumenical Temple
  7948 | Temple   | Became a worshipper of Zin the Law-Giver
  7948 | Temple   | Reached * piety under Zin
  7948 | Temple   | Reached ** piety under Zin
  8008 | D:7      | Reached skill level 1 in Invocations
  8737 | D:8      | Noticed a two-headed ogre
  8744 | D:8      | Killed a two-headed ogre
  8744 | D:8      | Reached skill level 9 in Shields
  8768 | D:8      | Noticed a two-headed ogre
  8776 | D:8      | Killed a two-headed ogre
  8776 | D:8      | Reached skill level 1 in Evocations
  8838 | D:8      | Noticed Maurice
  8861 | D:8      | Killed Maurice
  9068 | D:8      | Identified the Almanac of Moulding and Weightlessness
  9190 | D:8      | Noticed Harold
  9214 | D:8      | Killed Harold
  9214 | D:8      | Reached XP level 11. HP: 71/83 MP: 14/14
  9370 | D:8      | Found a staircase to the Lair.
  9393 | D:8      | Found an iron altar of Okawaru.
  9436 | D:8      | Noticed Erica
  9454 | D:8      | Killed Erica
  9454 | D:8      | Reached skill level 10 in Long Blades
  9454 | D:8      | Reached skill level 10 in Shields
  9454 | D:8      | Reached skill level 5 in Invocations
  9823 | D:9      | Found a glowing golden altar of the Shining One.
  9830 | D:9      | Fell from the grace of Zin
  9830 | D:9      | Became a worshipper of the Shining One
  9830 | D:9      | Reached * piety under the Shining One
 10127 | D:9      | Found a sparkling altar of Nemelex Xobeh.
 10128 | D:9      | Found a shimmering altar of Xom.
 10128 | D:9      | Found a white marble altar of Elyvilon.
 10129 | D:9      | Found a bloodstained altar of Trog.
 10582 | D:9      | Identified Spellweaving 101
 10639 | D:9      | Found a shattered altar of Ashenzari.
 10874 | D:10     | Entered Level 10 of the Dungeon
 10891 | D:10     | Noticed an unseen horror
 10910 | D:10     | Killed an unseen horror
 10944 | D:10     | Noticed Psyche
 10952 | D:10     | Killed Psyche
 11051 | D:10     | Reached ** piety under the Shining One
 11248 | D:10     | Noticed a two-headed ogre
 11257 | D:10     | Killed a two-headed ogre
 11584 | D:11     | Found Siugolif's Gadget Shop.
 11737 | D:11     | Noticed a cyclops
 11754 | D:11     | Killed a cyclops
 11754 | D:11     | Reached XP level 12. HP: 24/91 MP: 15/17
 12189 | D:11     | Found Vazxaiss's Jewellery Boutique.
 12287 | D:11     | Reached skill level 11 in Shields
 12428 | D:11     | Found a staircase to the Orcish Mines.
 12695 | D:12     | You fall into a shaft and drop 3 floors!
 12695 | D:15     | Entered Level 15 of the Dungeon
 12729 | D:14     | Noticed a two-headed ogre
 12735 | D:14     | Killed a two-headed ogre
 12742 | D:14     | Reached *** piety under the Shining One
 12759 | D:14     | Found a portal to a secret trove of treasure.
 12790 | Trove    | Entered a treasure trove
 13114 | D:14     | Reached XP level 13. HP: 97/99 MP: 19/19
 14213 | D:13     | Found a gate to the Vaults.
 14213 | D:13     | Noticed an ironheart preserver
 14214 | D:13     | Noticed a centaur warrior
 14230 | D:13     | Killed a centaur warrior
 14240 | D:13     | Killed an ironheart preserver
 14313 | D:13     | Noticed an eight-headed hydra
 14330 | D:13     | Killed a five-headed hydra
 14550 | D:13     | Found Pyto's Gadget Shop.
 14637 | D:14     | Gained mutation: Your system is resistant to poisons.
                  | (rPois) [potion of mutation]
 14637 | D:14     | Gained mutation: You have sharp toenails. [potion of
                  | mutation]
 14637 | D:14     | Gained mutation: You are resistant to hostile enchantments.
                  | (MR+) [potion of mutation]
 14674 | D:14     | Found a hazy altar of Hepliaklqana.
 14691 | D:14     | You fall into a shaft and drop 1 floor!
 14701 | D:15     | Noticed an ogre mage
 14724 | D:15     | Noticed an ettin
 14731 | D:15     | Killed an ogre mage
 14736 | D:15     | Killed an ettin
 14736 | D:15     | Reached skill level 12 in Shields
 14777 | D:15     | Reached skill level 10 in Invocations
 14837 | D:15     | Noticed a seven-headed hydra
 14843 | D:15     | Killed a three-headed hydra
 14949 | D:15     | Found a staircase to the Depths.
 14955 | D:15     | Noticed a centaur warrior
 14964 | D:15     | Killed a centaur warrior
 14964 | D:15     | Reached XP level 14. HP: 105/108 MP: 21/21
 15155 | D:14     | Reached skill level 5 in Throwing
 15423 | D:14     | Found a shimmering blue altar of Sif Muna.
 15561 | D:15     | Reached skill level 10 in Fighting
 15587 | D:15     | The Shining One protects you from harm!
 16498 | Lair:1   | Entered Level 1 of the Lair of Beasts
 16789 | Lair:1   | Found a snail-covered altar of Cheibriados.
 17224 | Lair:2   | Found a gate leading to a gauntlet.
 17239 | Gauntlet | Entered a Gauntlet
 17239 | Gauntlet | Found a transporter.
 17250 | Gauntlet | Found a transporter.
 17252 | Gauntlet | Found a transporter.
 17261 | Gauntlet | Found a transporter.
 17275 | Gauntlet | Found a transporter.
 17280 | Gauntlet | Found a transporter.
 17295 | Gauntlet | Found a transporter.
 17314 | Gauntlet | Found a transporter.
 17314 | Gauntlet | Noticed a reaper
 17326 | Gauntlet | Found a transporter.
 17338 | Gauntlet | Found a transporter.
 17353 | Gauntlet | Found a large runed translucent door.
 17354 | Gauntlet | Found a large runed translucent door.
 17355 | Gauntlet | Found a large runed translucent door.
 17355 | Gauntlet | Found a large runed translucent door.
 17356 | Gauntlet | Found a runed translucent gate.
 17357 | Gauntlet | Found a transporter.
 17357 | Gauntlet | Found a runed translucent gate.
 17358 | Gauntlet | Found a runed translucent gate.
 17359 | Gauntlet | Found a large runed translucent door.
 17359 | Gauntlet | Found a large runed translucent door.
 17359 | Gauntlet | Found a runed translucent door.
 17359 | Gauntlet | Found a runed translucent door.
 17360 | Gauntlet | Found a large runed translucent door.
 17361 | Gauntlet | Found a large runed translucent door.
 17363 | Gauntlet | Found a transporter.
 17363 | Gauntlet | Found a transporter.
 17368 | Gauntlet | Found a large runed translucent door.
 17368 | Gauntlet | Found a large runed translucent door.
 17369 | Gauntlet | Found a large runed translucent door.
 17370 | Gauntlet | Found a large runed translucent door.
 17377 | Gauntlet | Reached **** piety under the Shining One
 17378 | Gauntlet | Found a transporter.
 17380 | Gauntlet | Found a large runed translucent door.
 17380 | Gauntlet | Found a large runed translucent door.
 17381 | Gauntlet | Found a large runed translucent door.
 17382 | Gauntlet | Found a large runed translucent door.
 17384 | Gauntlet | Found a transporter.
 17425 | Gauntlet | Found a transporter.
 17453 | Gauntlet | Found a transporter.
 17553 | Gauntlet | Found a transporter.
 17998 | Gauntlet | Reached skill level 10 in Armour
 18075 | Gauntlet | Reached skill level 13 in Shields
 18119 | Gauntlet | Killed a reaper
 18134 | Gauntlet | Got a masterwork cloak
 18144 | Gauntlet | Identified the +0 cloak of the End {rPois rC- Str-5 Int+9}
                  | (You found it in a Gauntlet)
 18190 | Gauntlet | Noticed a minotaur
 18200 | Gauntlet | Killed a minotaur
 18345 | Lair:2   | Found a staircase to the Snake Pit.
 18544 | Lair:2   | Reached XP level 15. HP: 108/117 MP: 23/23
 18906 | Lair:2   | Found the +8 whip "Snakebite" {curare, rPois}
 19071 | Lair:3   | Found a dark tunnel.
 19089 | Lair:3   | Noticed Sonja
 19101 | Volcano  | Entered a volcano
 19274 | Volcano  | Found a burning altar of Makhleb.
 19670 | Lair:3   | Killed Sonja
 19855 | Lair:3   | Noticed Fannar
 19872 | Lair:3   | Killed Fannar
 20546 | Lair:4   | Found a staircase to the Swamp.
 21149 | Lair:5   | Reached skill level 14 in Shields
 21234 | Lair:5   | Found a runed translucent gate.
 21234 | Lair:5   | Found a runed translucent gate.
 21234 | Lair:5   | Found a runed translucent gate.
 21234 | Lair:5   | Noticed execc's ghost (journeyman HaMo)
 21416 | Lair:5   | Found a staircase to the Slime Pits.
 21811 | Lair:6   | Entered Level 6 of the Lair of Beasts
 21844 | Lair:6   | Reached ***** piety under the Shining One
 22143 | Lair:6   | Reached XP level 16. HP: 91/127 MP: 25/25
 23280 | Orc:1    | Entered Level 1 of the Orcish Mines
 23346 | Orc:1    | Noticed Urug
 23367 | Orc:1    | Killed Urug
 23516 | Orc:1    | Found a runed translucent door.
 23523 | Orc:1    | Noticed Curus's ghost (journeyman DsGl)
 23627 | Orc:1    | Found a roughly hewn altar of Beogh.
 23874 | Orc:1    | Killed Curus's ghost
 23927 | Orc:2    | Entered Level 2 of the Orcish Mines
 23927 | Orc:2    | Found a roughly hewn altar of Beogh.
 23971 | Orc:2    | Reached skill level 15 in Long Blades
 24131 | Orc:2    | Reached skill level 5 in Dodging
 24214 | Orc:2    | Reached skill level 15 in Shields
 24291 | Orc:2    | Found a staircase to the Elven Halls.
 24341 | Orc:2    | Found Viepaolo's Antique Weapon Emporium.
 24341 | Orc:2    | Found Pipt's Antique Armour Shop.
 24346 | Orc:2    | Found Qiruef's Gadget Boutique.
 24346 | Orc:2    | Found Vymahisch's Jewellery Emporium.
 24956 | Snake:1  | Entered Level 1 of the Snake Pit
 24964 | Snake:1  | Reached XP level 17. HP: 111/135 MP: 27/27
 25168 | Snake:1  | Found Agoextec's Jewellery Emporium.
 25169 | Snake:1  | Found Biasugg's Gadget Shop.
 25170 | Snake:1  | Found Plog's Jewellery Emporium.
 27458 | Snake:4  | Entered Level 4 of the Snake Pit
 27536 | Snake:4  | Noticed Vashnia
 27568 | Snake:4  | Killed Vashnia
 27941 | Snake:4  | Found a stormy altar of Qazlal.
 27954 | Snake:4  | Reached skill level 16 in Shields
 28066 | Snake:4  | Reached XP level 18. HP: 143/143 MP: 28/28
 28857 | Snake:4  | Got a serpentine rune of Zot
 29305 | Swamp:1  | Entered Level 1 of the Swamp
 29703 | Swamp:1  | Reached ****** piety under the Shining One
 30300 | Swamp:2  | Identified the Incunabulum of Intoxication
 31452 | Swamp:4  | Entered Level 4 of the Swamp
 31839 | Swamp:4  | Reached skill level 15 in Invocations
 31963 | Swamp:4  | Noticed the 27-headed Lernaean hydra
 31974 | Swamp:4  | Killed the 23-headed Lernaean hydra
 31974 | Swamp:4  | Reached XP level 19. HP: 93/150 MP: 27/30
 32226 | Swamp:4  | Got a decaying rune of Zot
 32884 | Depths:1 | Entered Level 1 of the Depths
 32941 | Depths:1 | Reached skill level 17 in Shields
 34225 | Depths:1 | Found a gateway to Hell.
 34413 | Depths:1 | Reached XP level 20. HP: 159/159 MP: 31/31
 34814 | Depths:2 | Noticed a golden dragon
 34827 | Depths:2 | Killed a golden dragon
 34944 | Depths:2 | Reached skill level 18 in Shields
 36394 | Depths:2 | You fall into a shaft and drop 2 floors!
 36409 | Depths:4 | Found a one-way gate to the infinite horrors of the Abyss.
 37431 | Depths:3 | Reached XP level 21. HP: 86/167 MP: 32/32
 37485 | Depths:3 | Noticed Boris
 37491 | Depths:3 | Killed Boris
 37491 | Depths:3 | Reached skill level 15 in Fighting
 37745 | Depths:3 | Found a one-way gate leading to the halls of Pandemonium.
 37820 | Depths:3 | Noticed Frederick
 37834 | Depths:3 | Killed Frederick
 38028 | Depths:2 | Identified a scroll of acquirement
 38430 | Depths:2 | You fall into a shaft and drop 1 floor!
 38463 | Depths:3 | Acquired the +8 great sword of Balance {freeze, rPois}
 38956 | Elf:1    | Entered Level 1 of the Elven Halls
 38958 | Elf:1    | Noticed Agnes
 38964 | Elf:1    | Killed Agnes
 39592 | Elf:1    | Reached skill level 19 in Shields
 39701 | Elf:1    | Identified the Catalogue of Darkness
 40248 | Elf:2    | Identified the +6 battleaxe of Blood-Lust {vorpal, rElec}
 40299 | Elf:2    | Found a radiant altar of Vehumet.
 40385 | Elf:2    | Found a runed translucent gate.
 40385 | Elf:2    | Found a runed translucent gate.
 40385 | Elf:2    | Found a runed translucent gate.
 40602 | Elf:2    | Reached XP level 22. HP: 176/176 MP: 33/33
 40944 | Elf:3    | Entered Level 3 of the Elven Halls
 42686 | Elf:3    | Reached skill level 20 in Shields
 42925 | Elf:3    | Identified the +11 trident "Gaan" {flame, Str+4}
 42925 | Elf:3    | Identified the cursed +1 troll leather armour "Qunoghou"
                  | {rPois MR+++ Regen+ Int-5 Dex-5}
 42962 | Elf:3    | Reached skill level 10 in Throwing
 43104 | Elf:3    | Got a pair of distressingly furry boots
 43114 | Elf:3    | Identified the +2 pair of boots of Midsummer {Harm} (You
                  | found it on level 3 of the Elven Halls)
 43115 | Elf:3    | Identified the +3 scale mail "Hesohaos" {MR+ Dex+3} (You
                  | found it on level 3 of the Elven Halls)
 43121 | Elf:3    | Identified the +6 chain mail "Eklicki" {+Fly rF- Int+7
                  | SInv} (You found it on level 3 of the Elven Halls)
 44155 | Depths:4 | Noticed Mennas
 44203 | Depths:4 | Killed Mennas
 44555 | Depths:4 | Reached XP level 23. HP: 34/184 MP: 35/35
 45002 | Depths:4 | Identified the Reference Book on Ice and Darkness
 45507 | Depths:4 | Reached skill level 21 in Shields
 46291 | Orc:2    | Bought a runed scarf for 224 gold pieces
 46389 | Vaults:1 | Entered Level 1 of the Vaults
 47490 | Vaults:1 | Reached XP level 24. HP: 193/195 MP: 35/35
 48044 | Vaults:2 | The Shining One protects you from harm!
 48061 | Vaults:2 | Reached skill level 22 in Shields
 48077 | Vaults:2 | Noticed Boris
 48103 | Vaults:2 | Killed Boris
 48699 | Vaults:2 | Found a shimmering altar of Xom.
 50126 | Vaults:3 | Found a runed translucent gate.
 50126 | Vaults:3 | Found a runed translucent gate.
 50126 | Vaults:3 | Found a runed translucent gate.
 50126 | Vaults:3 | Noticed Eldin's ghost (veteran DEWz)
 50127 | Vaults:3 | Noticed ragingrage's ghost (veteran HOFi)
 50127 | Vaults:3 | Noticed MackTheFife's ghost (veteran HOGl)
 50127 | Vaults:3 | Noticed Kipt's ghost (adept SpFE)
 50128 | Vaults:3 | Noticed agentgt's ghost (veteran KoAK)
 50147 | Vaults:3 | Killed Eldin's ghost
 50147 | Vaults:3 | Reached XP level 25. HP: 203/203 MP: 30/35
 50165 | Vaults:3 | Killed agentgt's ghost
 50168 | Vaults:3 | Killed Kipt's ghost
 50189 | Vaults:3 | Killed MackTheFife's ghost
 50189 | Vaults:3 | Reached skill level 23 in Shields
 50195 | Vaults:3 | Killed ragingrage's ghost
 50209 | Vaults:3 | Got a twitching wooden ring
 50212 | Vaults:3 | Got a scorched emerald amulet
 50228 | Vaults:3 | Identified the ring "Duyrighe" {EV+4 Str+2 Int+4} (You
                  | found it on level 3 of the Vaults)
 50231 | Vaults:3 | Identified the amulet "Heucuycy" {Acrobat rElec rN++} (You
                  | found it on level 3 of the Vaults)
 50473 | Vaults:3 | Found a staircase to the Crypt.
 50527 | Vaults:3 | You fall into a shaft and drop 1 floor!
 50527 | Vaults:4 | Found Hauferch's Antique Weapon Emporium.
 51094 | Vaults:3 | Found a huge runed gate.
 51094 | Vaults:3 | Found a huge runed gate.
 51094 | Vaults:3 | Found a huge runed gate.
 51094 | Vaults:3 | Found a huge runed gate.
 51095 | Vaults:3 | Found a huge runed gate.
 51095 | Vaults:3 | Found a huge runed gate.
 51095 | Vaults:3 | Found a huge runed gate.
 51095 | Vaults:3 | Found a huge runed gate.
 51096 | Vaults:3 | Found a huge runed gate.
 51096 | Vaults:3 | Found a huge runed gate.
 51096 | Vaults:3 | Found a huge runed gate.
 51096 | Vaults:3 | Found a huge runed gate.
 51096 | Vaults:3 | Found a huge runed gate.
 51097 | Vaults:3 | Found a huge runed gate.
 51098 | Vaults:3 | Found a huge runed gate.
 51099 | Vaults:3 | Found a huge runed gate.
 51100 | Vaults:3 | Found a huge runed gate.
 51108 | Vaults:3 | Found a huge runed gate.
 51108 | Vaults:3 | Found a huge runed gate.
 51108 | Vaults:3 | Found a huge runed gate.
 51108 | Vaults:3 | Found a huge runed gate.
 51108 | Vaults:3 | Found a huge runed gate.
 51108 | Vaults:3 | Found a huge runed gate.
 51108 | Vaults:3 | Found a huge runed gate.
 51109 | Vaults:3 | Found a huge runed gate.
 51110 | Vaults:3 | Found a huge runed gate.
 51118 | Vaults:3 | Found a huge runed gate.
 51118 | Vaults:3 | Found a huge runed gate.
 51118 | Vaults:3 | Found a huge runed gate.
 51118 | Vaults:3 | Found a huge runed gate.
 51118 | Vaults:3 | Found a huge runed gate.
 51118 | Vaults:3 | Found a huge runed gate.
 51118 | Vaults:3 | Found a huge runed gate.
 51119 | Vaults:3 | Found a huge runed gate.
 51120 | Vaults:3 | Found a huge runed gate.
 51128 | Vaults:3 | Found a huge runed gate.
 51352 | Vaults:3 | Reached XP level 26. HP: 212/212 MP: 35/35
 51353 | Vaults:3 | Reached skill level 10 in Dodging
 51353 | Vaults:3 | Reached XP level 27. HP: 218/218 MP: 35/35
 52391 | Vaults:4 | You fall into a shaft and drop 1 floor!
 52391 | Vaults:5 | Entered Level 5 of the Vaults
 52436 | Vaults:5 | Reached skill level 15 in Armour
 52614 | Vaults:5 | Reached skill level 24 in Shields
 52803 | Vaults:5 | Got a silver rune of Zot
 53003 | Vaults:5 | Noticed an ancient lich
 53015 | Vaults:5 | Killed an ancient lich
 53268 | Vaults:5 | Identified the +4 scale mail of the Cockroach {+Inv MR+}
                  | (You found it on level 5 of the Vaults)
 53478 | Vaults:5 | Identified the cursed +0 flail of Distant Shores {vamp,
                  | +Blink Str-5 Dex+6}
 54205 | Vaults:5 | Found Biowk's Food Shoppe.
 55365 | Depths:5 | Entered Level 5 of the Depths
 55483 | Depths:5 | Reached skill level 25 in Shields
 55828 | Depths:5 | Found a gate to the Realm of Zot.
 56150 | Depths:5 | Found a gateway to a ziggurat.
 57074 | Crypt:1  | Entered Level 1 of the Crypt
 57074 | Crypt:1  | Noticed Sojobo
 57083 | Crypt:1  | Killed Sojobo
 57604 | Crypt:1  | Found a runed translucent door.
 57604 | Crypt:1  | Noticed Rapio's ghost (veteran CeHu)
 57634 | Crypt:1  | Killed Rapio's ghost
 58086 | Crypt:2  | Noticed Margery
 58086 | Crypt:2  | Noticed Bai Suzhen
 58094 | Crypt:2  | Noticed Xtahua
 58101 | Crypt:2  | Killed Margery
 58108 | Crypt:2  | Killed Bai Suzhen
 58110 | Crypt:2  | Killed Xtahua
 58585 | Crypt:3  | Entered Level 3 of the Crypt
 59123 | Crypt:3  | Reached skill level 26 in Shields
 59262 | Crypt:3  | Found an ancient bone altar of Kikubaaqudgha.
 59263 | Crypt:3  | Noticed an ancient lich
 59268 | Crypt:3  | Killed an ancient lich
 59308 | Crypt:3  | Got a pair of encrusted gloves
 59318 | Crypt:3  | Identified the cursed +0 pair of gloves of Fivvis {rElec
                  | Str+6 Dex-2 Slay+3} (You found it on level 3 of the Crypt)
 59759 | Crypt:3  | Found a staircase to the Tomb.
 60202 | Zot:1    | Entered Level 1 of the Realm of Zot
 61317 | Zot:2    | Noticed an orb of fire
 61332 | Zot:2    | Killed an orb of fire
 62252 | Zig:1    | Entered Level 1 of a ziggurat
 62274 | Zig:2    | Entered Level 2 of a ziggurat
 62305 | Zig:3    | Entered Level 3 of a ziggurat
 62323 | Zig:3    | Reached skill level 27 in Shields
 62356 | Zig:4    | Entered Level 4 of a ziggurat
 62390 | Zig:5    | Entered Level 5 of a ziggurat
 62394 | Zig:5    | Noticed a Killer Klown
 62400 | Zig:5    | Killed a Killer Klown
 62434 | Zig:6    | Entered Level 6 of a ziggurat
 62517 | Zig:7    | Entered Level 7 of a ziggurat
 62522 | Zig:7    | Noticed a greater mummy
 62536 | Zig:7    | Killed a greater mummy
 62563 | Zig:7    | Acquired 930 gold pieces
 62582 | Zig:7    | Identified the +9 ice dragon scales of the Thistle {*Slow
                  | rPois rF- rC++ rN+} (You found it on level 7 of a ziggurat)
 62905 | Zig:8    | Entered Level 8 of a ziggurat
 62911 | Zig:8    | Noticed a Killer Klown
 62911 | Zig:8    | Noticed Reikots the pandemonium lord
 62912 | Zig:8    | Noticed a Killer Klown
 62929 | Zig:8    | Killed Reikots the pandemonium lord
 62931 | Zig:8    | Killed a Killer Klown
 62949 | Zig:8    | Killed a Killer Klown
 63132 | Zig:9    | Entered Level 9 of a ziggurat
 63221 | Zig:10   | Entered Level 10 of a ziggurat
 63273 | Zig:10   | Acquired 980 gold pieces
 63503 | Zig:11   | Entered Level 11 of a ziggurat
 63928 | Zig:11   | Identified the cursed +1 trident "Wiares" {antimagic, rC-
                  | Str+7 Int-2 Dex+9} (You found it on level 11 of a ziggurat)
 63934 | Zig:12   | Entered Level 12 of a ziggurat
 63959 | Zig:12   | HP: 7/226 [ushabti] (9)]
 63959 | Zig:12   | Slain by a phantasmal warrior

Illustrated notes

Levels and vault maps discovered:
D:1:      minmay_arrival_up_and_down, layout_loops_cross
D:2:      layout_basic, nemelex_lonely_heart_becter, uniq_terence
D:3:      layout_loops_corners, nicolae_ru_sacrificial_ziggurat, first_ration,
          trog_eyes_of_draining
D:4:      layout_gridville, minmay_door_square, uniq_duvessa, uniq_purgy
D:5:      layout_basic, kennysheep_little_box, serial_shops, shop,
          nrook_mini_vaults, hangedman_abyss_or_decor_passed,
          chequers_serial_rivers_small_b, minmay_statues_item, uniq_ijyb
D:6:      layout_rooms, minivault_11, minmay_misc_feat_room
D:7:      layout_basic, minmay_temple_entry_sparse_star, enter_bailey_3
D:8:      layout_gridville, marbit_many_paths, lair_entry_dummy, uniq_erica,
          uniq_maurice, uniq_harold
D:9:      layout_layer_cave, tso_altar, minitemple, blue_anna_alchemist
          [blue_anna_fruit_fields, blue_anna_fruit_fields],
          cheibrodos_ashenzari_chains
D:10:     layout_basic, chequers_garden, billiards_dpeg, uniq_psyche
D:11:     layout_long_grid, orc_0_dummy, serial_shops, kennysheep_mini_moat,
          shop
D:12:     layout_basic, chequers_serial_rivers_small_b
D:13:     layout_cross, skrybe_vaults_entry_preservation, serial_shops,
          shop_statue
D:14:     layout_cave_pods, nicolae_trove_entry_free_sample, lemuel_round_altar,
          grunt_ministairs_8, lemuel_blue_sif_altar
D:15:     hangedman_depths_entry_civil_slaughter, layout_basic,
          minmay_misc_feat_roman
Temple:   nicolae_temple_great_sept
Lair:1:   layout_roguey, basic_altar
Lair:2:   minmay_guarded_unrand_snakebite, layout_regular_city,
          dummy_snake_entry, gauntlet_entry_generic,
          chequers_serial_rivers_room_b, serial_bayou_pond_b, lemuel_fruit_tree
Lair:3:   layout_long_grid, nicolae_volcano_entry_lava_flow, grunt_megastairs_3,
          serial_bayou_shore_b, serial_bayou_shore_a, uniq_fannar, uniq_sonja
Lair:4:   layout_gridlike, swamp_mist
Lair:5:   layout_misc_corridors, minmay_slime_entry_pillars,
          ebering_ghost_rock_garden, infiniplex_staircase_pool
Lair:6:   evilmike_catoblepas_cave, layout_regular_city
Swamp:1:  layout_basic_swamp, evilmike_swamp_ruin_house_2, swamp_pool1
Swamp:2:  layout_falls_marsh, evilmike_swamp_ruin_rubble_2
Swamp:3:  layout_falls_marsh, evilmike_swamp_ruin_house_3, swamp_pool3
Swamp:4:  swamp_old_school, layout_basic_swamp, swamp_pool5
Snake:1:  layout_onion, minmay_shop_grove
Snake:2:  layout_grid_maze
Snake:3:  layout_onion, serial_bayou_pond_e, grunt_ministairs_7, drop_trap
Snake:4:  minmay_snake_end_coiled, layout_cave_town, basic_altar, uniq_vashnia
Orc:1:    layout_diamond_mine, ebering_ghost_inner_flame, minmay_orc_temple_a,
          uniq_urug
Orc:2:    st_orc_ogre_mass, layout_caves, basic_altar
Elf:1:    minmay_elf_arrival_circle, layout_geoelf_grid, minmay_elf_necromancy,
          uniq_agnes
Elf:2:    layout_geoelf_diagonals, basic_altar
Elf:3:    elf_hall, layout_geoelf_castle
Vaults:1: ontoclasm_vaults_shuriken, v_misc_31, hangedman_vaults_trim,
          vaults_standard_mumra_enter_the_diamond, vaults_room_boxed,
          v_pattern_3, nicolae_vaults_network_barrier,
          hangedman_vaults_corner_blocks, grunt_vaults_focal, st_lattice,
          layout_vaults_ring
Vaults:2: vaults_room_hangedman_quadrants, grunt_vaults_trifunnel,
          vaults_room_fancy_cross, nicolae_vaults_what_the_h,
          grunt_vaults_bifocal, nicolae_vaults_network_s, v_misc_17,
          hangedman_vaults_nails, nicolae_vaults_network_periphery,
          vaults_room_grid, vaults_room_stairs_pillars, layout_vaults_omnicross,
          basic_altar
Vaults:3: gammafunk_vaults_ghost_cemetery, vaults_not_door_vault_mu,
          hangedman_vaults_corner_blocks, st_cells, vaults_room_pool,
          hangedman_vaults_slice, hangedman_vaults_river_flow,
          minmay_crypt_entry_simple_box, layout_vaults_big_room
Vaults:4: hangedman_vaults_maws, vaults_room_pools, v_misc_9,
          vaults_dpeg_diagonal, ontoclasm_vaults_ring_large, v_misc_18,
          vaults_room_stairs_pillars, ontoclasm_vaults_ring_large,
          vaults_room_pool, v_misc_14, ontoclasm_vaults_misaligned,
          hangedman_vaults_slither, v_rooms_2, grunt_vaults_funnel,
          nicolae_vaults_ring_of_whatevers, ontoclasm_vaults_ring_square,
          ontoclasm_vaults_twist, vaults_room_door_ring, layout_vaults_maze,
          serial_shops, nicolae_shop_temple_entry_statues_fountains
Vaults:5
Crypt:1:  layout_regular_city, ebering_ghost_inner_flame, uniq_sojobo
Crypt:2:  layout_gridlike, uniq_bai_suzhen, uniq_margery, uniq_xtahua
Crypt:3:  cryptofortress_bobbens
Depths:1: layout_basic, hell_entry, minmay_splitting_lines, grunt_ministairs_8,
          kennysheep_generic_room_5
Depths:2: hangedman_crystal_crosses_colossus [crystal_crosses_arms_four,
          crystal_crosses_arms_four, crystal_crosses_arms_one,
          crystal_crosses_arms_one], hell_entry, abyss_entry, pan_entry
Depths:3: minmay_bloctagon, layout_basic, hell_entry, grunt_pan_entry_spiral,
          serial_co_window_serial, co_window_paths_a, co_window_corner_a,
          co_window_of_opportunity_a, co_window_corner_a, co_window_paths_b,
          co_window_broadway_a, co_window_unsneaky_path_a, co_window_broadway_b,
          co_window_unsneaky_path_e, co_window_paths_d, glass_columns_a,
          glass_columns_b, glass_columns_a, uniq_boris, uniq_frederick
Depths:4: minmay_split_circle, layout_small_grid, minmay_misc_feat_nine_boxes,
          abyss_entry, hell_entry, grunt_ministairs_9,
          infiniplex_staircase_zigzag_5, uniq_mennas
Depths:5: grunt_x_marks_the_spot, layout_basic, enter_ziggurat_a,
          lightli_too_deep, marbit_kobold_abyss_entry,
          chequers_serial_rivers_micro_c
Zot:1:    layout_basic, grunt_megastairs_5
Zot:2:    layout_misc_corridors
Zig:12

Skill      XL: |  1  2  3  4  5  6  7  8  9 10 11 12 13 14 15 16 17 18 19 20 21 22 23 24 25 26 27 |
---------------+----------------------------------------------------------------------------------+-----
Shields        | 4 5 6 7 8 9 10 11 12 13 14 15 16 17 18 19 20 21 22 23 27 | 27.0
Fighting       | 4 5 6 7 8 9 10 11 12 13 14 15 16 17 18 21 | 21.3
Long Blades    | 3 4 5 6 8 9 11 12 13 14 15 16 17 18 19 20 21 23 | 23.4
Armour         | 4 5 6 7 8 9 10 11 12 13 14 17 | 17.0
Dodging        | 1 2 4 5 7 8 9 10 13 | 13.5
Stealth        | 1 |  1.5
Throwing       | 1 2 3 4 5 6 7 8 9 10 11 | 11.2
Invocations    | 4 6 8 10 11 12 13 14 15 16 18 | 18.4
Evocations     | 1 2 |  2.1

Action                   |  1- 3 |  4- 6 |  7- 9 | 10-12 | 13-15 | 16-18 | 19-21 | 22-24 | 25-27 || total
-------------------------+-------+-------+-------+-------+-------+-------+-------+-------+-------++-------
Melee: Long sword        |    77 |   420 |   565 |   175 |       |       |       |       |       ||  1237
       Scimitar          |       |       |       |   358 |   839 |   257 |    27 |       |       ||  1481
       Great sword       |       |       |       |       |       |   781 |   902 |   931 |  1501 ||  4115
Throw: Stone             |    15 |    21 |    64 |     4 |     2 |     1 |       |       |       ||   107
       Boomerang         |       |       |    13 |    64 |    49 |   258 |    83 |    70 |    61 ||   598
       Javelin           |       |       |       |       |    30 |    11 |       |       |       ||    41
Invok: Cleansing Flame   |       |       |       |       |     2 |       |     3 |     6 |    13 ||    24
       Divine Shield     |       |       |       |       |     1 |     1 |     5 |     5 |    14 ||    26
       Summon Divine War |       |       |       |       |       |     1 |     6 |     3 |    18 ||    28
 Abil: Dig               |     1 |    10 |     5 |    17 |     9 |    11 |    17 |     7 |    10 ||    87
       Shaft Self        |       |     2 |       |       |       |       |       |       |     1 ||     3
Evoke: Wand              |       |       |     1 |     5 |     1 |       |       |     1 |       ||     8
  Use: Scroll            |     4 |     2 |     9 |    12 |    10 |     9 |     9 |     7 |    22 ||    84
       Potion            |       |     8 |     1 |       |     3 |     1 |    10 |     4 |    12 ||    39
  Eat: Chunk             |     1 |     9 |    17 |    18 |    24 |    27 |    19 |    26 |    21 ||   162
       Ration            |       |       |       |     1 |     2 |     2 |     4 |     2 |    12 ||    23
Armor: Scale mail        |    17 |       |       |       |       |       |       |       |       ||    17
       Ice dragon scales |    15 |   239 |   214 |       |       |       |       |       |       ||   468
       Skin              |       |    26 |       |       |       |       |       |       |       ||    26
       Crystal plate arm |       |       |     2 |   259 |   420 |   310 |   195 |   170 |   241 ||  1597
       Gold dragon scale |       |       |       |       |       |       |       |       |    98 ||    98
Dodge: Dodged            |    27 |   156 |   165 |   102 |   116 |   155 |   124 |   115 |   321 ||  1281
       Repelled          |       |       |       |       |       |       |       |     8 |    25 ||    33
Block: Kite shield       |    45 |   258 |   309 |   331 |   397 |       |       |       |       ||  1340
       Tower shield      |       |       |       |       |   174 |  1137 |   863 |  1080 |  2146 ||  5400
       Reflection        |       |       |       |       |       |    96 |    38 |   110 |   124 ||   368
       Rpst.: Long sword |    10 |    51 |    56 |     5 |       |       |       |       |       ||   122
       Scimitar          |       |       |       |    16 |    36 |     5 |       |       |       ||    57
       Great sword       |       |       |       |       |       |    12 |    10 |    14 |    46 ||    82
